[ AOE2 MATCH · #460629070 ]
UnrankedKoreans vs Vikings
[ REPLAY ANALYSIS · EXTRACTED FROM THE RECORDED GAME ]
Feudal
11:33
Castle
19:41
Imperial
33:41
| APM avg | 28.8 |
| APM peak | 91 |
| eAPM avg | 17.8 |
| Villagers / military | 137 / 481 |
Focus
⚔️ 57.3% · 🌾 42.7%
Fire Lancer ×265 · Spearman ×129 · War Wagon ×79 · Monk ×8
Feudal
11:44
Castle
21:37
Imperial
37:17
| APM avg | 15.4 |
| APM peak | 33 |
| eAPM avg | 8.3 |
| Villagers / military | 99 / 154 |
Focus
⚔️ 38.1% · 🌾 61.9%
Spearman ×104 · Archer ×26 · Trade Cart ×8 · Trebuchet (Packed) ×6 · Battering Ram ×5 · Monk ×4
Feudal
—
Castle
—
Imperial
—
| APM avg | 25.0 |
| APM peak | 95 |
| eAPM avg | 19.0 |
| Villagers / military | 173 / 304 |
Focus
⚔️ 40.1% · 🌾 59.9%
Knight ×93 · Skirmisher ×85 · Camel Scout ×70 · Trade Cart ×41 · Archer ×23 · War Elephant ×21
Feudal
14:22
Castle
18:18
Imperial
38:15
| APM avg | 17.1 |
| APM peak | 47 |
| eAPM avg | 14.0 |
| Villagers / military | 136 / 243 |
Focus
⚔️ 46.6% · 🌾 53.4%
Elephant Archer ×169 · Chakram Thrower ×23 · Armored Elephant ×23 · Trade Cart ×22 · Skirmisher ×17 · Archer ×10
Feudal
12:50
Castle
20:25
Imperial
57:21
| APM avg | 22.6 |
| APM peak | 50 |
| eAPM avg | 16.2 |
| Villagers / military | 214 / 319 |
Focus
⚔️ 33.3% · 🌾 66.7%
Militia ×138 · Spearman ×121 · Scorpion ×27 · Knight ×8 · Battering Ram ×8 · Centurion ×7
Feudal
14:01
Castle
24:28
Imperial
39:50
| APM avg | 28.8 |
| APM peak | 108 |
| eAPM avg | 16.3 |
| Villagers / military | 90 / 21 |
Focus
⚔️ 45.2% · 🌾 54.8%
Unknown (2550) ×632 · Petard ×13 · Monk ×7 · Trade Cart ×5 · Trebuchet (Packed) ×1
Feudal
—
Castle
—
Imperial
—
| APM avg | 21.9 |
| APM peak | 49 |
| eAPM avg | 14.1 |
| Villagers / military | 127 / 202 |
Focus
⚔️ 37.6% · 🌾 62.4%
Janissary ×155 · Scout Cavalry ×34 · Bombard Cannon ×9 · Camel Scout ×4
Feudal
13:54
Castle
22:23
Imperial
—
| APM avg | 15.0 |
| APM peak | 35 |
| eAPM avg | 10.3 |
| Villagers / military | 125 / 73 |
Focus
⚔️ 22.0% · 🌾 78.0%
Armored Elephant ×26 · Scout Cavalry ×18 · Spearman ×14 · Trade Cart ×14 · Scorpion ×7 · Mangonel ×6
Match map
Initial resources + every placement click. Lines = walls · curves = elevation contours. ◆ gold · ⬟ stone · ● berries · ✦ relic · ◌ wall gap
Your base· ✓ Closed at 19:41 · 0t walls · 2 gate(s)
Skanderbeg Liberated's base· ✓ Closed at 21:37 · 0t walls · 3 gate(s)
PrawnUnit4591's base· ✓ Closed at 20:22 · 0t walls · 2 gate(s)
Megaherz's base· ✓ Closed at 18:18 · 0t walls · 2 gate(s)
sliZER0's base· ✓ Closed at 20:25 · 39t walls · 4 gate(s)
fe1125587's base· ✓ Closed at 24:28 · 0t walls · 2 gate(s)
SideJaguar81059's base· ✓ Closed at 20:59 · 0t walls · 2 gate(s)
komailvidz's base· ✓ Closed at 22:23 · 0t walls · 2 gate(s)
Smoothed initial terrain · ◌ = detected wall gap · hover for details
Inputs per minute
— alexvisch28 - - Skanderbeg Liberated
Build order — alexvisch28
First 150 of 824 actions detected
| 0:05 | Build | House |
| 0:09 | Build | House |
| 0:11 | Create | Villager (Male) |
| 0:11 | Create | Villager (Male) |
| 0:11 | Create | Villager (Male) |
| 0:11 | Create | Villager (Male) |
| 0:11 | Create | Villager (Male) |
| 0:12 | Create | Villager (Male) |
| 0:12 | Create | Villager (Male) |
| 1:36 | Create | Villager (Male) |
| 1:36 | Create | Villager (Male) |
| 2:01 | Create | Villager (Male) |
| 2:01 | Create | Villager (Male) |
| 2:43 | Create | Villager (Male) |
| 2:43 | Create | Villager (Male) |
| 2:43 | Create | Villager (Male) |
| 3:06 | Create | Villager (Male) |
| 3:07 | Create | Villager (Male) |
| 3:07 | Create | Villager (Male) |
| 3:07 | Create | Villager (Male) |
| 3:22 | Build | House |
| 3:26 | Build | Lumber Camp |
| 3:39 | Create | Villager (Male) |
| 3:39 | Create | Villager (Male) |
| 3:39 | Create | Villager (Male) |
| 3:39 | Create | Villager (Male) |
| 4:03 | Create | Villager (Male) |
| 4:03 | Create | Villager (Male) |
| 4:04 | Create | Villager (Male) |
| 4:04 | Create | Villager (Male) |
| 4:22 | Create | Villager (Male) |
| 4:22 | Create | Villager (Male) |
| 5:00 | Create | Villager (Male) |
| 5:00 | Create | Villager (Male) |
| 5:00 | Create | Villager (Male) |
| 5:37 | Create | Villager (Male) |
| 5:49 | Create | Villager (Male) |
| 5:49 | Create | Villager (Male) |
| 5:55 | Build | House |
| 6:29 | Create | Villager (Male) |
| 6:29 | Create | Villager (Male) |
| 6:30 | Create | Villager (Male) |
| 6:40 | Build | Mill |
| 8:10 | Create | Villager (Male) |
| 8:11 | Create | Villager (Male) |
| 8:11 | Create | Villager (Male) |
| 8:17 | Build | House |
| 8:24 | Create | Villager (Male) |
| 9:10 | Research | Feudal Age |
| 9:49 | Build | Mining Camp |
| 10:21 | Create | Villager (Male) |
| 10:21 | Create | Villager (Male) |
| 10:21 | Create | Villager (Male) |
| 10:22 | Create | Villager (Male) |
| 10:46 | Build | Mining Camp |
| 11:33 | Age | Feudal Age |
| 11:34 | Research | Double-Bit Axe |
| 11:34 | Research | Double-Bit Axe |
| 11:35 | Research | Double-Bit Axe |
| 11:39 | Research | Horse Collar |
| 11:39 | Research | Horse Collar |
| 11:39 | Research | Horse Collar |
| 12:13 | Create | Villager (Male) |
| 12:13 | Create | Villager (Male) |
| 12:22 | Build | Farm |
| 12:27 | Build | Farm |
| 12:32 | Build | Farm |
| 12:40 | Build | Farm |
| 12:50 | Build | Farm |
| 12:56 | Build | Farm |
| 13:01 | Build | Farm |
| 13:08 | Build | Farm |
| 13:15 | Build | Farm |
| 13:25 | Build | House |
| 13:26 | Build | House |
| 13:40 | Research | Wheelbarrow |
| 13:42 | Create | Villager (Male) |
| 13:47 | Create | Villager (Male) |
| 13:55 | Build | Blacksmith |
| 14:01 | Build | Farm |
| 14:07 | Build | Farm |
| 14:19 | Build | Farm |
| 14:28 | Build | Farm |
| 14:39 | Build | Farm |
| 14:45 | Create | Villager (Male) |
| 14:59 | Build | Farm |
| 16:09 | Create | Villager (Male) |
| 16:09 | Create | Villager (Male) |
| 16:09 | Create | Villager (Male) |
| 16:17 | Build | Market |
| 17:01 | Research | Castle Age |
| 17:14 | Build | Farm |
| 17:30 | Build | Farm |
| 17:39 | Create | Villager (Male) |
| 17:39 | Create | Villager (Male) |
| 17:40 | Create | Villager (Male) |
| 17:40 | Create | Villager (Male) |
| 17:41 | Create | Villager (Male) |
| 17:41 | Create | Villager (Male) |
| 17:41 | Create | Villager (Male) |
| 18:58 | Build | House |
| 18:59 | Build | House |
| 19:41 | Age | Castle Age |
| 19:46 | Build | Town Center |
| 19:54 | Build | Town Center |
| 20:09 | Build | Monastery |
| 20:15 | Create | Villager (Male) |
| 20:15 | Create | Villager (Male) |
| 20:15 | Create | Villager (Male) |
| 20:23 | Research | Bow Saw |
| 20:24 | Research | Bow Saw |
| 20:44 | Build | House |
| 20:59 | Create | Monk |
| 20:59 | Create | Monk |
| 21:00 | Create | Monk |
| 21:00 | Create | Monk |
| 21:00 | Create | Monk |
| 21:10 | Build | House |
| 21:11 | Build | House |
| 21:15 | Build | House |
| 21:29 | Create | Villager (Male) |
| 21:29 | Create | Villager (Male) |
| 21:32 | Create | Villager (Male) |
| 21:32 | Create | Villager (Male) |
| 21:32 | Create | Villager (Male) |
| 21:33 | Create | Villager (Male) |
| 21:33 | Create | Villager (Male) |
| 21:33 | Create | Villager (Male) |
| 21:42 | Create | Villager (Male) |
| 21:42 | Create | Villager (Male) |
| 21:43 | Create | Villager (Male) |
| 21:43 | Create | Villager (Male) |
| 21:43 | Create | Villager (Male) |
| 21:43 | Create | Villager (Male) |
| 21:43 | Create | Villager (Male) |
| 21:44 | Create | Villager (Male) |
| 21:44 | Create | Villager (Male) |
| 21:44 | Create | Villager (Male) |
| 21:44 | Create | Villager (Male) |
| 22:18 | Build | House |
| 22:20 | Build | House |
| 22:21 | Build | House |
| 22:32 | Create | Monk |
| 22:38 | Create | Villager (Male) |
| 22:38 | Create | Villager (Male) |
| 22:39 | Create | Villager (Male) |
| 22:39 | Create | Villager (Male) |
| 22:39 | Create | Villager (Male) |
| 22:39 | Create | Villager (Male) |
| 22:40 | Create | Villager (Male) |
Build order — Skanderbeg Liberated
First 150 of 335 actions detected
| 0:07 | Create | Villager (Male) |
| 0:08 | Research | Loom |
| 0:09 | Create | Villager (Male) |
| 0:09 | Create | Villager (Male) |
| 0:09 | Create | Villager (Male) |
| 0:20 | Build | House |
| 0:22 | Build | House |
| 1:38 | Create | Villager (Male) |
| 1:38 | Create | Villager (Male) |
| 2:29 | Create | Villager (Male) |
| 2:30 | Create | Villager (Male) |
| 2:55 | Create | Villager (Male) |
| 2:55 | Create | Villager (Male) |
| 3:35 | Create | Villager (Male) |
| 3:35 | Create | Villager (Male) |
| 3:36 | Create | Villager (Male) |
| 4:10 | Build | Lumber Camp |
| 4:23 | Create | Villager (Male) |
| 4:23 | Create | Villager (Male) |
| 4:35 | Build | House |
| 4:36 | Build | House |
| 4:41 | Create | Villager (Male) |
| 4:41 | Create | Villager (Male) |
| 4:48 | Create | Villager (Male) |
| 5:19 | Create | Villager (Male) |
| 5:20 | Create | Villager (Male) |
| 5:48 | Create | Villager (Male) |
| 5:48 | Create | Villager (Male) |
| 6:10 | Create | Villager (Male) |
| 6:10 | Create | Villager (Male) |
| 6:32 | Create | Villager (Male) |
| 6:32 | Create | Villager (Male) |
| 7:20 | Build | Mill |
| 8:40 | Create | Villager (Male) |
| 9:01 | Create | Villager (Male) |
| 9:34 | Research | Feudal Age |
| 9:39 | Build | Mining Camp |
| 10:48 | Create | Villager (Male) |
| 10:48 | Create | Villager (Male) |
| 10:48 | Create | Villager (Male) |
| 11:38 | Create | Villager (Male) |
| 11:44 | Age | Feudal Age |
| 11:49 | Build | House |
| 11:58 | Research | Horse Collar |
| 12:02 | Research | Double-Bit Axe |
| 12:31 | Build | Farm |
| 12:31 | Build | Farm |
| 12:31 | Build | Farm |
| 12:32 | Build | Farm |
| 12:59 | Build | House |
| 13:26 | Create | Villager (Male) |
| 13:26 | Create | Villager (Male) |
| 13:26 | Create | Villager (Male) |
| 13:27 | Create | Villager (Male) |
| 13:27 | Create | Villager (Male) |
| 13:47 | Build | Barracks |
| 13:56 | Create | Villager (Male) |
| 13:56 | Create | Villager (Male) |
| 14:26 | Build | Farm |
| 14:26 | Build | Farm |
| 14:26 | Build | Farm |
| 14:27 | Build | Farm |
| 14:38 | Build | House |
| 14:44 | Build | Blacksmith |
| 15:50 | Build | Archery Range |
| 15:57 | Create | Villager (Male) |
| 15:57 | Create | Villager (Male) |
| 15:58 | Create | Villager (Male) |
| 16:43 | Build | Mining Camp |
| 17:12 | Create | Villager (Male) |
| 17:12 | Create | Villager (Male) |
| 17:29 | Build | Market |
| 17:46 | Build | House |
| 17:47 | Build | House |
| 18:06 | Create | Archer |
| 18:06 | Create | Archer |
| 18:06 | Create | Archer |
| 18:07 | Create | Archer |
| 18:49 | Build | House |
| 18:57 | Research | Castle Age |
| 19:12 | Create | Trade Cart |
| 19:12 | Create | Trade Cart |
| 19:30 | Build | House |
| 19:56 | Build | Barracks |
| 21:32 | Build | Stable |
| 21:36 | Create | Villager (Male) |
| 21:36 | Create | Villager (Male) |
| 21:37 | Create | Villager (Male) |
| 21:37 | Create | Villager (Male) |
| 21:37 | Create | Villager (Male) |
| 21:37 | Create | Villager (Male) |
| 21:37 | Age | Castle Age |
| 21:51 | Build | Siege Workshop |
| 21:59 | Build | Monastery |
| 22:24 | Build | Mining Camp |
| 22:31 | Build | Farm |
| 22:36 | Research | Heavy Plow |
| 22:41 | Build | Farm |
| 22:44 | Create | Monk |
| 22:45 | Create | Monk |
| 23:08 | Create | Unit 1105 |
| 23:18 | Build | Farm |
| 23:34 | Build | House |
| 23:38 | Research | Man-at-Arms (upgrade) |
| 23:39 | Research | Gambesons |
| 24:00 | Build | Farm |
| 24:32 | Build | University |
| 25:48 | Research | Crossbowman (upgrade) |
| 25:52 | Research | Fletching |
| 26:02 | Build | House |
| 26:04 | Build | House |
| 26:08 | Create | Villager (Male) |
| 26:08 | Create | Villager (Male) |
| 26:08 | Create | Villager (Male) |
| 27:55 | Build | Town Center |
| 28:17 | Build | Castle |
| 28:37 | Create | Villager (Male) |
| 28:38 | Create | Villager (Male) |
| 28:38 | Create | Villager (Male) |
| 28:39 | Create | Villager (Male) |
| 28:39 | Create | Villager (Male) |
| 28:43 | Create | Mangonel |
| 28:52 | Research | Scale Mail Armor |
| 28:56 | Research | Long Swordsman (upgrade) |
| 28:57 | Create | Militia |
| 28:57 | Create | Militia |
| 28:57 | Create | Militia |
| 28:58 | Research | Squires |
| 29:33 | Create | Unit 1105 |
| 29:39 | Create | Trade Cart |
| 29:39 | Create | Trade Cart |
| 30:06 | Create | Villager (Male) |
| 30:07 | Create | Villager (Male) |
| 30:07 | Create | Villager (Male) |
| 30:07 | Create | Villager (Male) |
| 30:07 | Create | Villager (Male) |
| 30:08 | Create | Villager (Male) |
| 30:22 | Research | Pikeman (upgrade) |
| 30:22 | Create | Spearman |
| 30:23 | Create | Spearman |
| 30:23 | Create | Spearman |
| 30:23 | Create | Spearman |
| 30:23 | Create | Spearman |
| 30:24 | Create | Spearman |
| 30:36 | Research | Bow Saw |
| 30:43 | Build | Farm |
| 30:48 | Research | Light Cavalry (upgrade) |
| 30:51 | Create | Scout Cavalry |
| 30:51 | Create | Scout Cavalry |
| 30:52 | Create | Scout Cavalry |
Build order — PrawnUnit4591
First 150 of 785 actions detected
| 0:03 | Create | Villager (Male) |
| 0:03 | Create | Villager (Male) |
| 0:03 | Create | Villager (Male) |
| 0:03 | Create | Villager (Male) |
| 0:03 | Create | Villager (Male) |
| 0:03 | Create | Villager (Male) |
| 0:03 | Create | Villager (Male) |
| 0:05 | Research | Loom |
| 0:12 | Build | House |
| 0:14 | Build | House |
| 1:55 | Create | Villager (Male) |
| 2:51 | Create | Villager (Male) |
| 2:52 | Create | Villager (Male) |
| 2:52 | Create | Villager (Male) |
| 3:05 | Build | House |
| 3:06 | Build | House |
| 3:09 | Build | House |
| 3:17 | Create | Villager (Male) |
| 3:43 | Create | Villager (Male) |
| 3:43 | Create | Villager (Male) |
| 4:20 | Create | Villager (Male) |
| 4:28 | Build | Mill |
| 4:38 | Create | Villager (Male) |
| 4:39 | Create | Villager (Male) |
| 5:27 | Create | Villager (Male) |
| 5:28 | Create | Villager (Male) |
| 5:28 | Create | Villager (Male) |
| 6:14 | Create | Villager (Male) |
| 6:15 | Create | Villager (Male) |
| 6:15 | Create | Villager (Male) |
| 6:47 | Build | Lumber Camp |
| 6:52 | Create | Villager (Male) |
| 6:53 | Create | Villager (Male) |
| 7:11 | Create | Villager (Male) |
| 7:12 | Create | Villager (Male) |
| 7:32 | Create | Villager (Male) |
| 7:33 | Create | Villager (Male) |
| 7:33 | Create | Villager (Male) |
| 7:46 | Create | Villager (Male) |
| 7:46 | Create | Villager (Male) |
| 7:47 | Create | Villager (Male) |
| 7:47 | Create | Villager (Male) |
| 8:18 | Create | Villager (Male) |
| 8:37 | Create | Villager (Male) |
| 8:37 | Create | Villager (Male) |
| 8:38 | Create | Villager (Male) |
| 8:38 | Create | Villager (Male) |
| 8:45 | Create | Villager (Male) |
| 8:46 | Create | Villager (Male) |
| 8:57 | Build | Mill |
| 9:36 | Create | Villager (Male) |
| 9:36 | Create | Villager (Male) |
| 9:43 | Build | House |
| 9:45 | Build | House |
| 9:47 | Build | House |
| 9:49 | Build | House |
| 9:51 | Build | House |
| 9:57 | Build | Farm |
| 10:09 | Research | Feudal Age |
| 10:18 | Build | Mining Camp |
| 10:25 | Build | Mining Camp |
| 10:53 | Create | Villager (Male) |
| 11:27 | Create | Villager (Male) |
| 11:43 | Build | House |
| 11:44 | Build | House |
| 11:45 | Build | House |
| 11:46 | Build | House |
| 12:08 | Build | Farm |
| 12:13 | Build | Farm |
| 12:19 | Research | Wheelbarrow |
| 12:21 | Research | Double-Bit Axe |
| 12:23 | Research | Horse Collar |
| 12:26 | Research | Gold Mining |
| 12:54 | Create | Villager (Male) |
| 13:23 | Build | Market |
| 13:31 | Create | Villager (Male) |
| 13:49 | Create | Villager (Male) |
| 13:54 | Build | Farm |
| 14:08 | Build | Mill |
| 14:26 | Build | House |
| 14:28 | Build | House |
| 14:28 | Build | House |
| 14:29 | Build | House |
| 14:29 | Build | House |
| 14:38 | Build | Farm |
| 14:53 | Build | Farm |
| 14:58 | Create | Villager (Male) |
| 14:58 | Create | Villager (Male) |
| 14:58 | Create | Villager (Male) |
| 14:59 | Create | Villager (Male) |
| 14:59 | Create | Villager (Male) |
| 15:04 | Build | Farm |
| 15:07 | Build | Farm |
| 15:28 | Create | Villager (Male) |
| 15:29 | Create | Villager (Male) |
| 15:29 | Create | Villager (Male) |
| 15:30 | Create | Villager (Male) |
| 15:49 | Create | Villager (Male) |
| 16:13 | Build | Farm |
| 16:16 | Build | Farm |
| 16:20 | Create | Villager (Male) |
| 16:24 | Build | Farm |
| 17:10 | Create | Villager (Male) |
| 17:10 | Create | Villager (Male) |
| 17:16 | Build | Farm |
| 17:18 | Build | Farm |
| 18:03 | Build | Barracks |
| 19:04 | Build | Barracks |
| 19:08 | Create | Villager (Male) |
| 19:08 | Create | Villager (Male) |
| 19:28 | Build | Blacksmith |
| 19:40 | Research | Stone Mining |
| 20:01 | Build | Mining Camp |
| 20:18 | Create | Villager (Male) |
| 20:22 | Research | Castle Age |
| 20:28 | Build | Farm |
| 20:34 | Build | Blacksmith |
| 20:35 | Build | Blacksmith |
| 20:56 | Create | Trade Cart |
| 20:57 | Create | Trade Cart |
| 21:30 | Build | Archery Range |
| 21:32 | Build | Archery Range |
| 21:49 | Build | Farm |
| 22:10 | Build | Farm |
| 22:24 | Create | Skirmisher |
| 22:24 | Create | Skirmisher |
| 22:45 | Build | Lumber Camp |
| 23:03 | Research | Hand Cart |
| 23:08 | Research | Bow Saw |
| 23:13 | Research | Heavy Plow |
| 23:18 | Create | Villager (Male) |
| 23:38 | Build | Town Center |
| 23:41 | Create | Villager (Male) |
| 23:49 | Create | Skirmisher |
| 23:50 | Create | Skirmisher |
| 24:22 | Create | Villager (Male) |
| 24:23 | Create | Villager (Male) |
| 24:23 | Create | Villager (Male) |
| 24:24 | Create | Villager (Male) |
| 24:24 | Create | Villager (Male) |
| 24:24 | Create | Villager (Male) |
| 24:32 | Create | Villager (Male) |
| 24:34 | Create | Villager (Male) |
| 25:14 | Build | Castle |
| 25:45 | Create | Villager (Male) |
| 25:46 | Create | Villager (Male) |
| 25:46 | Create | Villager (Male) |
| 25:47 | Create | Villager (Male) |
| 25:49 | Create | Trade Cart |
| 25:49 | Create | Trade Cart |
Build order — Megaherz
First 150 of 658 actions detected
| 0:04 | Build | House |
| 0:06 | Build | House |
| 0:09 | Create | Villager (Male) |
| 0:10 | Create | Villager (Male) |
| 0:10 | Create | Villager (Male) |
| 0:10 | Create | Villager (Male) |
| 0:10 | Create | Villager (Male) |
| 0:11 | Research | Loom |
| 1:00 | Build | Mill |
| 2:30 | Create | Villager (Male) |
| 2:30 | Create | Villager (Male) |
| 2:30 | Create | Villager (Male) |
| 2:56 | Build | House |
| 3:01 | Build | House |
| 3:28 | Create | Villager (Male) |
| 3:29 | Create | Villager (Male) |
| 3:29 | Create | Villager (Male) |
| 3:48 | Create | Villager (Male) |
| 3:48 | Create | Villager (Male) |
| 4:34 | Create | Villager (Male) |
| 5:36 | Create | Villager (Male) |
| 5:37 | Create | Villager (Male) |
| 5:37 | Create | Villager (Male) |
| 5:37 | Create | Villager (Male) |
| 5:56 | Create | Villager (Male) |
| 6:27 | Build | Lumber Camp |
| 6:33 | Build | Lumber Camp |
| 6:37 | Create | Villager (Male) |
| 7:20 | Create | Villager (Male) |
| 7:20 | Create | Villager (Male) |
| 7:21 | Create | Villager (Male) |
| 7:21 | Create | Villager (Male) |
| 9:18 | Create | Villager (Male) |
| 9:19 | Create | Villager (Male) |
| 9:19 | Create | Villager (Male) |
| 9:46 | Build | House |
| 9:49 | Build | House |
| 9:53 | Build | Mining Camp |
| 9:56 | Build | House |
| 10:57 | Create | Villager (Male) |
| 10:59 | Research | Feudal Age |
| 11:01 | Create | Villager (Male) |
| 11:01 | Create | Villager (Male) |
| 11:05 | Research | Feudal Age |
| 11:16 | Build | Farm |
| 11:22 | Build | Farm |
| 12:41 | Build | Farm |
| 12:43 | Build | Farm |
| 12:44 | Build | Farm |
| 12:46 | Build | Farm |
| 12:47 | Build | Farm |
| 12:48 | Build | Farm |
| 12:51 | Build | Farm |
| 12:53 | Build | Farm |
| 14:17 | Create | Villager (Male) |
| 14:17 | Create | Villager (Male) |
| 14:22 | Age | Feudal Age |
| 14:25 | Build | Market |
| 14:31 | Build | Blacksmith |
| 14:41 | Build | House |
| 15:30 | Research | Double-Bit Axe |
| 15:38 | Research | Castle Age |
| 15:38 | Research | Castle Age |
| 15:41 | Create | Villager (Male) |
| 15:42 | Create | Villager (Male) |
| 15:42 | Create | Villager (Male) |
| 15:49 | Build | Mining Camp |
| 16:38 | Research | Wheelbarrow |
| 16:39 | Create | Villager (Male) |
| 16:40 | Create | Villager (Male) |
| 16:40 | Create | Villager (Male) |
| 16:40 | Create | Villager (Male) |
| 17:09 | Research | Town Watch |
| 18:18 | Age | Castle Age |
| 18:21 | Build | Town Center |
| 18:33 | Research | Bow Saw |
| 18:47 | Build | Barracks |
| 19:07 | Create | Villager (Male) |
| 19:07 | Create | Villager (Male) |
| 19:07 | Create | Villager (Male) |
| 19:08 | Create | Villager (Male) |
| 19:08 | Create | Villager (Male) |
| 19:36 | Build | Town Center |
| 20:05 | Build | House |
| 20:21 | Create | Villager (Male) |
| 20:21 | Create | Villager (Male) |
| 20:22 | Create | Villager (Male) |
| 20:22 | Create | Villager (Male) |
| 20:22 | Create | Villager (Male) |
| 20:22 | Create | Villager (Male) |
| 20:23 | Create | Villager (Male) |
| 20:23 | Create | Villager (Male) |
| 20:23 | Create | Villager (Male) |
| 20:52 | Build | Archery Range |
| 21:03 | Create | Villager (Male) |
| 21:03 | Create | Villager (Male) |
| 21:12 | Create | Villager (Male) |
| 21:13 | Create | Villager (Male) |
| 21:13 | Create | Villager (Male) |
| 21:22 | Create | Trade Cart |
| 21:41 | Build | Mining Camp |
| 21:52 | Create | Villager (Male) |
| 21:52 | Create | Villager (Male) |
| 21:53 | Create | Villager (Male) |
| 21:53 | Create | Villager (Male) |
| 22:13 | Build | Mining Camp |
| 22:32 | Create | Elephant Archer |
| 22:54 | Build | House |
| 22:58 | Build | Farm |
| 23:03 | Create | Villager (Male) |
| 23:04 | Create | Villager (Male) |
| 23:04 | Create | Villager (Male) |
| 23:04 | Create | Villager (Male) |
| 23:20 | Build | Mining Camp |
| 23:23 | Create | Elephant Archer |
| 23:30 | Build | House |
| 23:49 | Create | Elephant Archer |
| 24:10 | Create | Villager (Male) |
| 24:11 | Create | Villager (Male) |
| 24:11 | Create | Villager (Male) |
| 24:17 | Build | Mill |
| 24:28 | Build | Monastery |
| 24:37 | Build | University |
| 24:47 | Create | Villager (Male) |
| 24:47 | Create | Villager (Male) |
| 24:48 | Create | Villager (Male) |
| 24:48 | Create | Villager (Male) |
| 25:10 | Build | Farm |
| 25:11 | Build | Farm |
| 25:12 | Build | Farm |
| 25:15 | Build | Farm |
| 25:19 | Build | Farm |
| 25:21 | Build | Farm |
| 25:29 | Create | Elephant Archer |
| 25:39 | Create | Trade Cart |
| 25:41 | Research | Caravan |
| 25:49 | Build | House |
| 25:50 | Build | House |
| 25:51 | Build | House |
| 26:17 | Build | Gate |
| 26:22 | Create | Elephant Archer |
| 26:35 | Research | Ballistics |
| 26:40 | Research | Thumb Ring |
| 26:47 | Create | Monk |
| 26:52 | Research | Treadmill Crane |
| 26:58 | Create | Villager (Male) |
| 26:58 | Create | Villager (Male) |
| 26:58 | Create | Villager (Male) |
| 26:58 | Create | Villager (Male) |
| 27:08 | Build | Farm |
Build order — sliZER0
First 150 of 587 actions detected
| 0:04 | Create | Villager (Male) |
| 0:04 | Create | Villager (Male) |
| 0:04 | Create | Villager (Male) |
| 0:04 | Create | Villager (Male) |
| 0:05 | Create | Villager (Male) |
| 0:08 | Build | House |
| 0:11 | Build | House |
| 1:13 | Build | Mill |
| 2:10 | Create | Villager (Male) |
| 2:10 | Create | Villager (Male) |
| 2:34 | Create | Villager (Male) |
| 2:34 | Create | Villager (Male) |
| 2:45 | Create | Villager (Male) |
| 2:45 | Create | Villager (Male) |
| 3:25 | Create | Villager (Male) |
| 3:25 | Create | Villager (Male) |
| 3:41 | Build | Palisade Wall |
| 3:43 | Build | Palisade Wall |
| 3:46 | Build | Palisade Wall |
| 3:49 | Build | Palisade Gate |
| 4:02 | Create | Villager (Male) |
| 4:03 | Create | Villager (Male) |
| 4:27 | Create | Villager (Male) |
| 4:28 | Create | Villager (Male) |
| 4:28 | Create | Villager (Male) |
| 4:28 | Create | Villager (Male) |
| 5:16 | Create | Villager (Male) |
| 5:16 | Create | Villager (Male) |
| 5:17 | Create | Villager (Male) |
| 5:17 | Create | Villager (Male) |
| 5:27 | Build | House |
| 5:41 | Research | Loom |
| 5:42 | Create | Villager (Male) |
| 5:42 | Create | Villager (Male) |
| 5:42 | Create | Villager (Male) |
| 5:42 | Create | Villager (Male) |
| 5:42 | Create | Villager (Male) |
| 5:43 | Create | Villager (Male) |
| 6:11 | Build | House |
| 6:13 | Build | House |
| 7:29 | Create | Villager (Male) |
| 7:29 | Create | Villager (Male) |
| 7:29 | Create | Villager (Male) |
| 7:30 | Create | Villager (Male) |
| 7:30 | Create | Villager (Male) |
| 7:49 | Build | Lumber Camp |
| 7:57 | Create | Villager (Male) |
| 9:56 | Build | Mill |
| 10:28 | Build | Mining Camp |
| 10:40 | Research | Feudal Age |
| 11:08 | Build | Mining Camp |
| 11:11 | Create | Villager (Male) |
| 11:50 | Build | Farm |
| 11:54 | Build | Farm |
| 12:42 | Create | Villager (Male) |
| 12:50 | Age | Feudal Age |
| 13:07 | Build | Watch Tower |
| 13:16 | Build | Stone Wall |
| 13:19 | Build | Stone Wall |
| 13:20 | Build | Stone Wall |
| 13:22 | Build | Gate |
| 13:38 | Research | Town Watch |
| 13:47 | Build | Market |
| 13:55 | Create | Villager (Male) |
| 13:55 | Create | Villager (Male) |
| 14:31 | Build | Watch Tower |
| 14:41 | Create | Villager (Male) |
| 14:48 | Create | Villager (Male) |
| 15:01 | Build | Blacksmith |
| 15:10 | Create | Villager (Male) |
| 15:10 | Create | Villager (Male) |
| 15:43 | Build | Palisade Wall |
| 15:48 | Build | Palisade Wall |
| 15:53 | Build | Palisade Wall |
| 16:16 | Build | Farm |
| 16:19 | Build | Farm |
| 16:30 | Build | House |
| 16:33 | Build | House |
| 16:50 | Build | Farm |
| 16:52 | Build | Farm |
| 17:20 | Build | Farm |
| 17:37 | Build | Farm |
| 17:38 | Build | Farm |
| 17:40 | Build | Farm |
| 17:43 | Research | Castle Age |
| 17:47 | Build | Farm |
| 17:50 | Create | Villager (Male) |
| 17:50 | Create | Villager (Male) |
| 18:12 | Research | Fletching |
| 18:13 | Research | Fletching |
| 19:37 | Build | Barracks |
| 19:47 | Create | Villager (Male) |
| 19:56 | Research | Horse Collar |
| 19:56 | Research | Horse Collar |
| 19:59 | Research | Double-Bit Axe |
| 19:59 | Research | Double-Bit Axe |
| 20:04 | Research | Scale Mail Armor |
| 20:04 | Research | Scale Mail Armor |
| 20:14 | Build | Barracks |
| 20:24 | Build | Archery Range |
| 20:25 | Age | Castle Age |
| 20:25 | Build | Archery Range |
| 20:40 | Research | Bodkin Arrow |
| 20:40 | Research | Bodkin Arrow |
| 20:42 | Create | Villager (Male) |
| 20:42 | Create | Villager (Male) |
| 20:53 | Build | Town Center |
| 21:01 | Build | Farm |
| 21:09 | Create | Villager (Male) |
| 21:10 | Create | Villager (Male) |
| 21:27 | Research | Man-at-Arms (upgrade) |
| 21:40 | Build | Farm |
| 21:41 | Build | Farm |
| 21:43 | Build | Farm |
| 21:47 | Create | Villager (Male) |
| 21:47 | Create | Villager (Male) |
| 21:58 | Create | Spearman |
| 22:19 | Create | Militia |
| 22:29 | Create | Militia |
| 22:29 | Create | Militia |
| 22:55 | Create | Spearman |
| 22:57 | Create | Militia |
| 23:06 | Create | Skirmisher |
| 23:11 | Create | Villager (Male) |
| 23:14 | Create | Villager (Male) |
| 23:22 | Build | Farm |
| 23:23 | Build | Farm |
| 23:24 | Build | Farm |
| 23:27 | Create | Villager (Male) |
| 23:27 | Create | Villager (Male) |
| 24:02 | Research | Squires |
| 24:13 | Research | Long Swordsman (upgrade) |
| 24:13 | Research | Long Swordsman (upgrade) |
| 24:17 | Research | Squires |
| 24:17 | Research | Squires |
| 24:22 | Research | Heavy Plow |
| 24:22 | Research | Heavy Plow |
| 24:30 | Create | Villager (Male) |
| 24:31 | Create | Villager (Male) |
| 24:38 | Build | House |
| 24:39 | Build | House |
| 24:39 | Build | House |
| 24:40 | Build | House |
| 24:47 | Build | House |
| 24:52 | Create | Villager (Male) |
| 24:52 | Create | Villager (Male) |
| 25:12 | Research | Pikeman (upgrade) |
| 25:12 | Research | Pikeman (upgrade) |
| 25:40 | Build | University |
| 25:49 | Build | Town Center |
Build order — fe1125587
First 150 of 398 actions detected
| 0:04 | Create | Villager (Male) ×4 |
| 0:05 | Build | House |
| 0:06 | Build | House |
| 0:52 | Build | House |
| 1:36 | Build | Settlement |
| 1:51 | Create | Villager (Male) |
| 1:51 | Create | Villager (Male) |
| 2:18 | Create | Villager (Male) |
| 2:37 | Create | Villager (Male) |
| 3:14 | Create | Villager (Male) |
| 3:29 | Create | Villager (Male) |
| 3:57 | Create | Villager (Male) |
| 4:14 | Create | Villager (Male) |
| 4:42 | Create | Villager (Male) |
| 4:43 | Create | Villager (Male) |
| 5:40 | Create | Villager (Male) |
| 5:40 | Create | Villager (Male) |
| 6:15 | Build | Settlement |
| 6:23 | Create | Villager (Male) |
| 6:24 | Create | Villager (Male) |
| 7:12 | Create | Villager (Male) |
| 7:13 | Create | Villager (Male) |
| 7:26 | Build | Barracks |
| 7:30 | Build | Outpost |
| 8:13 | Create | Villager (Male) |
| 8:13 | Create | Villager (Male) |
| 8:45 | Build | Settlement |
| 8:47 | Create | Villager (Male) |
| 8:47 | Create | Villager (Male) |
| 8:54 | Build | Outpost |
| 9:23 | Build | Farm |
| 9:24 | Build | Farm |
| 9:44 | Build | Farm |
| 10:00 | Create | Villager (Male) |
| 10:00 | Create | Villager (Male) |
| 10:31 | Build | Farm |
| 10:51 | Build | Outpost |
| 10:56 | Create | Villager (Male) |
| 10:57 | Create | Villager (Male) |
| 11:23 | Build | Outpost |
| 11:48 | Build | Outpost |
| 11:51 | Research | Feudal Age |
| 12:09 | Create | Unit 2550 |
| 12:10 | Create | Unit 2550 |
| 12:44 | Create | Villager (Male) |
| 12:50 | Create | Villager (Male) |
| 13:02 | Create | Unit 2550 |
| 13:03 | Create | Unit 2550 |
| 13:12 | Build | Outpost |
| 13:31 | Build | Outpost |
| 13:43 | Create | Villager (Male) |
| 13:43 | Create | Villager (Male) |
| 13:45 | Create | Unit 2550 |
| 13:47 | Create | Unit 2550 |
| 14:01 | Age | Feudal Age |
| 14:09 | Build | Outpost |
| 14:20 | Research | Arson |
| 14:28 | Build | Farm |
| 14:54 | Build | Outpost |
| 15:00 | Build | Farm |
| 15:09 | Build | Farm |
| 15:10 | Build | Farm |
| 15:11 | Build | Farm |
| 15:12 | Build | Farm |
| 15:21 | Build | Farm |
| 15:22 | Create | Villager (Male) |
| 15:23 | Create | Villager (Male) |
| 15:27 | Research | Tech 1402 |
| 15:37 | Build | Blacksmith |
| 15:39 | Build | Market |
| 15:49 | Build | Farm |
| 16:12 | Build | Outpost |
| 16:19 | Build | Farm |
| 16:26 | Research | Forging |
| 16:27 | Research | Scale Mail Armor |
| 16:29 | Create | Unit 2550 |
| 16:34 | Create | Unit 2550 |
| 16:41 | Build | Farm |
| 16:47 | Create | Villager (Male) |
| 16:52 | Create | Villager (Male) |
| 17:27 | Build | Farm |
| 17:32 | Build | Farm |
| 17:34 | Create | Villager (Male) |
| 17:34 | Create | Villager (Male) |
| 17:35 | Create | Unit 2550 |
| 17:35 | Create | Unit 2550 |
| 17:36 | Create | Unit 2550 |
| 17:40 | Create | Unit 2550 |
| 17:48 | Create | Unit 2550 |
| 17:50 | Build | Farm |
| 17:58 | Create | Villager (Male) |
| 18:04 | Create | Villager (Male) |
| 18:18 | Build | Farm |
| 18:38 | Build | Barracks |
| 18:39 | Build | Barracks |
| 19:05 | Build | Outpost |
| 19:08 | Build | Farm |
| 19:10 | Create | Villager (Male) |
| 19:11 | Create | Villager (Male) |
| 19:34 | Build | Farm |
| 19:37 | Research | Double-Bit Axe |
| 19:39 | Research | Horse Collar |
| 19:46 | Build | Farm |
| 19:48 | Create | Villager (Male) |
| 19:48 | Create | Villager (Male) |
| 19:51 | Create | Unit 2550 |
| 19:51 | Create | Unit 2550 |
| 19:53 | Create | Unit 2550 |
| 19:53 | Create | Unit 2550 |
| 20:22 | Build | Farm |
| 20:27 | Create | Villager (Male) |
| 20:27 | Create | Villager (Male) |
| 20:37 | Build | Outpost |
| 20:42 | Build | Farm |
| 20:44 | Build | Settlement |
| 20:51 | Build | Farm |
| 21:08 | Build | Outpost |
| 21:19 | Build | Farm |
| 21:33 | Build | Farm |
| 21:34 | Build | Farm |
| 21:37 | Build | Farm |
| 21:38 | Build | Farm |
| 21:42 | Build | Farm |
| 21:44 | Research | Castle Age |
| 21:50 | Build | Farm |
| 22:05 | Build | Outpost |
| 22:22 | Build | Outpost |
| 22:46 | Research | Gold Mining |
| 22:48 | Create | Unit 2550 ×5 |
| 22:49 | Create | Unit 2550 ×5 |
| 22:49 | Create | Unit 2550 |
| 22:49 | Create | Unit 2550 |
| 22:56 | Build | Outpost |
| 23:05 | Build | Outpost |
| 23:24 | Build | Outpost |
| 23:43 | Build | Outpost |
| 23:47 | Build | Outpost |
| 23:53 | Create | Villager (Male) ×5 |
| 23:53 | Create | Villager (Male) |
| 24:04 | Create | Villager (Male) |
| 24:04 | Create | Villager (Male) |
| 24:08 | Create | Unit 2550 ×5 |
| 24:28 | Age | Castle Age |
| 24:34 | Build | Outpost |
| 24:48 | Build | Town Center |
| 24:51 | Research | Tech 1351 |
| 24:57 | Research | Chain Mail Armor |
| 24:58 | Research | Iron Casting |
| 25:25 | Build | House |
| 25:25 | Build | House |
Build order — SideJaguar81059
First 150 of 480 actions detected
| 0:04 | Build | House |
| 0:06 | Build | House |
| 0:13 | Create | Villager (Male) |
| 0:14 | Create | Villager (Male) |
| 0:14 | Create | Villager (Male) |
| 0:15 | Create | Villager (Male) |
| 0:15 | Create | Villager (Male) |
| 1:27 | Create | Villager (Male) |
| 2:15 | Create | Villager (Male) |
| 2:29 | Create | Villager (Male) |
| 2:35 | Build | Lumber Camp |
| 3:20 | Create | Villager (Male) |
| 3:21 | Create | Villager (Male) |
| 3:26 | Create | Villager (Male) |
| 3:26 | Create | Villager (Male) |
| 3:53 | Create | Villager (Male) |
| 3:54 | Create | Villager (Male) |
| 4:00 | Build | House |
| 4:45 | Create | Villager (Male) |
| 4:46 | Create | Villager (Male) |
| 4:46 | Create | Villager (Male) |
| 5:05 | Create | Villager (Male) |
| 5:05 | Create | Villager (Male) |
| 5:05 | Create | Villager (Male) |
| 5:49 | Build | Mill |
| 6:10 | Create | Villager (Male) |
| 6:11 | Create | Villager (Male) |
| 7:23 | Build | House |
| 7:47 | Create | Villager (Male) |
| 8:04 | Build | House |
| 8:42 | Build | Lumber Camp |
| 8:48 | Research | Feudal Age |
| 10:11 | Build | Farm |
| 10:15 | Create | Villager (Male) |
| 10:15 | Create | Villager (Male) |
| 10:22 | Create | Villager (Male) |
| 10:42 | Build | Farm |
| 11:06 | Build | Blacksmith |
| 11:38 | Create | Villager (Male) |
| 11:45 | Build | Market |
| 11:51 | Create | Villager (Male) |
| 12:08 | Build | Mining Camp |
| 12:11 | Create | Villager (Male) |
| 12:16 | Research | Double-Bit Axe |
| 12:31 | Build | Farm |
| 12:42 | Build | Farm |
| 12:44 | Create | Villager (Male) |
| 12:55 | Create | Villager (Male) |
| 13:37 | Create | Villager (Male) |
| 13:37 | Create | Villager (Male) |
| 13:40 | Build | Farm |
| 13:42 | Build | Farm |
| 13:58 | Research | Horse Collar |
| 14:13 | Build | Farm |
| 14:36 | Build | Farm |
| 14:38 | Create | Villager (Male) |
| 14:52 | Build | House |
| 15:01 | Build | House |
| 15:11 | Build | House |
| 15:36 | Build | Barracks |
| 15:56 | Create | Villager (Male) |
| 15:57 | Create | Villager (Male) |
| 15:57 | Create | Villager (Male) |
| 15:58 | Create | Villager (Male) |
| 16:22 | Build | Outpost |
| 16:33 | Build | Stable |
| 16:36 | Create | Villager (Male) |
| 16:45 | Build | Farm |
| 16:59 | Build | Farm |
| 17:08 | Create | Villager (Male) |
| 17:15 | Create | Scout Cavalry |
| 17:15 | Create | Scout Cavalry |
| 17:26 | Research | Town Watch |
| 17:35 | Build | Farm |
| 18:36 | Build | Outpost |
| 19:15 | Build | Farm |
| 19:15 | Build | Farm |
| 19:15 | Build | Farm |
| 19:17 | Build | Farm |
| 19:25 | Create | Villager (Male) |
| 19:30 | Create | Villager (Male) |
| 19:31 | Create | Villager (Male) |
| 20:14 | Build | Farm |
| 20:59 | Research | Castle Age |
| 21:15 | Build | Stable |
| 22:05 | Create | Villager (Male) |
| 22:06 | Create | Villager (Male) |
| 22:06 | Create | Villager (Male) |
| 22:07 | Create | Villager (Male) |
| 22:08 | Create | Villager (Male) |
| 22:10 | Create | Villager (Male) |
| 22:37 | Build | Mining Camp |
| 23:02 | Research | Gold Mining |
| 23:03 | Research | Stone Mining |
| 23:51 | Build | Town Center |
| 23:55 | Create | Villager (Male) |
| 24:04 | Research | Heavy Plow |
| 24:12 | Build | Mill |
| 24:15 | Build | Farm |
| 24:16 | Build | Farm |
| 24:16 | Build | Farm |
| 24:24 | Research | Bow Saw |
| 24:46 | Build | Town Center |
| 25:09 | Build | Farm |
| 25:09 | Build | Farm |
| 25:20 | Research | Gold Shaft Mining |
| 25:24 | Create | Villager (Male) |
| 25:25 | Create | Villager (Male) |
| 25:26 | Create | Villager (Male) |
| 25:27 | Create | Villager (Male) |
| 25:29 | Create | Villager (Male) |
| 25:47 | Research | Wheelbarrow |
| 25:52 | Create | Villager (Male) |
| 25:53 | Create | Villager (Male) |
| 25:53 | Create | Villager (Male) |
| 25:53 | Create | Villager (Male) |
| 26:07 | Build | Lumber Camp |
| 26:27 | Create | Villager (Male) |
| 26:31 | Create | Villager (Male) |
| 26:32 | Create | Villager (Male) |
| 26:32 | Create | Villager (Male) |
| 26:37 | Build | House |
| 26:37 | Build | House |
| 26:38 | Build | House |
| 26:39 | Build | House |
| 26:39 | Build | House |
| 26:40 | Build | House |
| 26:41 | Build | House |
| 26:43 | Build | House |
| 27:06 | Create | Scout Cavalry |
| 27:10 | Create | Villager (Male) |
| 27:14 | Build | Farm |
| 27:14 | Build | Farm |
| 27:14 | Build | Farm |
| 27:15 | Build | Farm |
| 27:20 | Create | Villager (Male) |
| 27:21 | Create | Villager (Male) |
| 27:22 | Create | Villager (Male) |
| 28:20 | Research | Hand Cart |
| 28:21 | Create | Villager (Male) |
| 28:21 | Create | Villager (Male) |
| 28:21 | Create | Villager (Male) |
| 28:39 | Build | Farm |
| 28:54 | Build | Farm |
| 28:58 | Create | Villager (Male) |
| 28:58 | Create | Villager (Male) |
| 29:03 | Build | Farm |
| 29:39 | Create | Villager (Male) |
| 29:39 | Create | Villager (Male) |
| 29:40 | Create | Villager (Male) |
Build order — komailvidz
First 150 of 328 actions detected
| 2:36 | Research | Loom |
| 2:36 | Create | Villager (Male) ×4 |
| 2:36 | Create | Villager (Male) ×4 |
| 2:47 | Build | House |
| 2:48 | Build | House |
| 4:17 | Create | Villager (Male) |
| 4:18 | Create | Villager (Male) |
| 4:18 | Create | Villager (Male) |
| 4:53 | Create | Villager (Male) |
| 4:53 | Create | Villager (Male) |
| 5:15 | Create | Villager (Male) |
| 5:16 | Create | Villager (Male) |
| 5:33 | Create | Villager (Male) |
| 5:33 | Create | Villager (Male) |
| 5:33 | Create | Villager (Male) |
| 6:08 | Create | Villager (Male) |
| 6:08 | Create | Villager (Male) |
| 6:18 | Build | Lumber Camp |
| 6:38 | Create | Villager (Male) |
| 6:38 | Create | Villager (Male) |
| 6:38 | Create | Villager (Male) |
| 7:05 | Build | House |
| 7:07 | Build | House |
| 7:30 | Create | Villager (Male) ×3 |
| 7:30 | Create | Villager (Male) ×3 |
| 7:30 | Create | Villager (Male) ×3 |
| 7:51 | Create | Villager (Male) ×2 |
| 7:51 | Create | Villager (Male) ×2 |
| 7:51 | Create | Villager (Male) ×2 |
| 8:09 | Build | Mill |
| 9:53 | Create | Villager (Male) |
| 9:54 | Create | Villager (Male) |
| 10:49 | Build | Barracks |
| 10:54 | Create | Villager (Male) |
| 10:54 | Create | Villager (Male) |
| 11:44 | Research | Feudal Age |
| 12:05 | Build | Mill |
| 13:31 | Build | Mining Camp |
| 13:54 | Age | Feudal Age |
| 14:09 | Create | Spearman |
| 14:09 | Create | Spearman |
| 14:18 | Build | House |
| 14:19 | Build | House |
| 14:26 | Create | Villager (Male) |
| 14:26 | Create | Villager (Male) |
| 14:27 | Create | Villager (Male) |
| 14:44 | Build | House |
| 14:45 | Build | House |
| 16:01 | Build | Mill |
| 16:27 | Create | Villager (Male) |
| 16:27 | Create | Villager (Male) |
| 16:28 | Create | Villager (Male) |
| 16:28 | Create | Villager (Male) |
| 16:28 | Create | Villager (Male) |
| 17:16 | Build | Blacksmith |
| 18:07 | Build | Market |
| 18:53 | Create | Spearman |
| 18:54 | Create | Spearman |
| 18:54 | Create | Spearman |
| 18:54 | Create | Spearman |
| 19:35 | Build | Mill |
| 19:43 | Research | Castle Age |
| 20:23 | Create | Spearman |
| 20:23 | Create | Spearman |
| 20:23 | Create | Spearman |
| 20:23 | Create | Spearman |
| 20:24 | Create | Spearman |
| 20:37 | Build | Stable |
| 21:53 | Research | Bloodlines |
| 21:53 | Create | Scout Cavalry |
| 21:54 | Create | Scout Cavalry |
| 21:54 | Create | Scout Cavalry |
| 21:54 | Create | Scout Cavalry |
| 21:54 | Create | Scout Cavalry |
| 22:06 | Build | Stable |
| 22:13 | Create | Villager (Male) |
| 22:23 | Age | Castle Age |
| 22:33 | Build | Monastery |
| 22:41 | Build | House |
| 22:42 | Build | House |
| 22:46 | Create | Scout Cavalry |
| 22:47 | Create | Scout Cavalry |
| 22:47 | Create | Scout Cavalry |
| 23:29 | Create | Villager (Male) |
| 23:29 | Create | Villager (Male) |
| 23:29 | Create | Villager (Male) |
| 23:37 | Build | House |
| 23:53 | Create | Monk |
| 24:57 | Build | Siege Workshop |
| 25:32 | Research | Pikeman (upgrade) |
| 25:32 | Research | Squires |
| 26:02 | Create | Mangonel |
| 26:02 | Create | Mangonel |
| 27:00 | Create | Villager (Male) |
| 27:01 | Create | Villager (Male) |
| 27:28 | Build | Lumber Camp |
| 28:24 | Create | Monk |
| 28:47 | Create | Villager (Male) |
| 28:48 | Create | Villager (Male) |
| 28:48 | Create | Villager (Male) |
| 29:01 | Build | Town Center |
| 30:05 | Build | Lumber Camp |
| 30:44 | Create | Trade Cart |
| 30:44 | Create | Trade Cart |
| 30:44 | Create | Trade Cart |
| 30:45 | Create | Trade Cart |
| 30:45 | Create | Trade Cart |
| 30:45 | Create | Trade Cart |
| 31:17 | Build | Mill |
| 31:23 | Build | Farm |
| 31:25 | Build | Farm |
| 31:26 | Build | Farm |
| 31:27 | Build | Farm |
| 31:28 | Build | Farm |
| 31:29 | Build | Farm |
| 31:30 | Build | Farm |
| 31:32 | Build | Farm |
| 33:08 | Build | Mining Camp |
| 34:05 | Build | Market |
| 34:36 | Create | Villager (Male) |
| 34:36 | Create | Villager (Male) |
| 34:36 | Create | Villager (Male) |
| 34:37 | Create | Villager (Male) |
| 34:42 | Create | Scorpion |
| 34:42 | Create | Scorpion |
| 34:42 | Create | Scorpion |
| 34:42 | Create | Scorpion |
| 34:43 | Create | Scorpion |
| 35:17 | Build | Stone Wall |
| 35:26 | Build | Stone Wall |
| 36:09 | Create | Spearman |
| 36:09 | Create | Spearman |
| 36:10 | Create | Spearman |
| 36:23 | Create | Scorpion |
| 36:23 | Create | Scorpion |
| 36:55 | Create | Mangonel |
| 37:13 | Create | Villager (Male) |
| 37:55 | Create | Mangonel |
| 38:45 | Research | Stone Mining |
| 38:56 | Create | Mangonel |
| 38:57 | Create | Mangonel |
| 39:13 | Create | Villager (Male) ×5 |
| 39:13 | Create | Villager (Male) ×5 |
| 39:13 | Create | Villager (Male) ×5 |
| 39:33 | Build | Town Center |
| 41:04 | Build | Gate |
| 41:12 | Create | Villager (Male) |
| 41:12 | Create | Villager (Male) |
| 42:19 | Build | Town Center |
| 43:09 | Research | Wheelbarrow |
Match timeline
| 3:41 | sliZER0 · wall_segment Palisade Wall x4 |
| 3:43 | sliZER0 · wall_segment Palisade Wall x3 |
| 3:46 | sliZER0 · wall_segment Palisade Wall x3 |
| 7:26 | fe1125587 · first_building Barracks |
| 10:49 | komailvidz · first_building Barracks |
| 11:33 | alexvisch28 · age_up feudal |
| 11:44 | Skanderbeg Liberated · age_up feudal |
| 12:50 | sliZER0 · age_up feudal |
| 13:16 | sliZER0 · wall_segment Stone Wall x4 |
| 13:19 | sliZER0 · wall_segment Stone Wall x3 |
| 13:20 | sliZER0 · wall_segment Stone Wall x2 |
| 13:47 | Skanderbeg Liberated · first_building Barracks |
| 13:54 | komailvidz · age_up feudal |
| 14:01 | fe1125587 · age_up feudal |
| 14:22 | Megaherz · age_up feudal |
| 15:36 | SideJaguar81059 · first_building Barracks |
| 15:43 | sliZER0 · wall_segment Palisade Wall x8 |
| 15:48 | sliZER0 · wall_segment Palisade Wall x7 |
| 15:50 | Skanderbeg Liberated · first_building Archery Range |
| 15:53 | sliZER0 · wall_segment Palisade Wall x5 |
| 16:33 | SideJaguar81059 · first_building Stable |
| 18:03 | PrawnUnit4591 · first_building Barracks |
| 18:18 | Megaherz · age_up castle |
| 18:47 | Megaherz · first_building Barracks |
| 18:55 | Megaherz · first_market_buy 100 wood |
| 19:37 | sliZER0 · first_building Barracks |
| 19:41 | alexvisch28 · age_up castle |
| 20:09 | alexvisch28 · first_building Monastery |
| 20:24 | sliZER0 · first_building Archery Range |
| 20:25 | sliZER0 · age_up castle |
| 20:37 | komailvidz · first_building Stable |
| 20:52 | Megaherz · first_building Archery Range |
| 21:30 | PrawnUnit4591 · first_building Archery Range |
| 21:32 | Skanderbeg Liberated · first_building Stable |
| 21:37 | Skanderbeg Liberated · age_up castle |
| 21:51 | Skanderbeg Liberated · first_building Siege Workshop |
| 21:59 | Skanderbeg Liberated · first_building Monastery |
| 22:23 | komailvidz · age_up castle |
| 22:33 | komailvidz · first_building Monastery |
| 22:59 | PrawnUnit4591 · first_market_buy 100 wood |
| 23:29 | PrawnUnit4591 · first_market_sell 100 food |
| 23:47 | komailvidz · first_market_sell 100 wood |
| 24:28 | fe1125587 · age_up castle |
| 24:28 | Megaherz · first_building Monastery |
| 24:57 | komailvidz · first_building Siege Workshop |
| 25:14 | PrawnUnit4591 · first_building Castle |
| 28:17 | Skanderbeg Liberated · first_building Castle |
| 28:40 | sliZER0 · first_market_buy 100 wood |
| 28:43 | Megaherz · wall_segment Stone Wall x15 |
| 28:48 | alexvisch28 · first_building Castle |
| 28:54 | Megaherz · first_building Castle |
| 29:51 | sliZER0 · wall_segment Stone Wall x4 |
| 30:57 | alexvisch28 · first_building Barracks |
| 31:34 | SideJaguar81059 · first_building Castle |
| 31:40 | Megaherz · wall_segment Stone Wall x16 |
| 32:02 | sliZER0 · first_building Castle |
| 32:41 | alexvisch28 · first_building Archery Range |
| 32:58 | PrawnUnit4591 · first_building Stable |
| 33:21 | alexvisch28 · first_building Stable |
| 33:25 | Megaherz · wall_segment Stone Wall x15 |
| 33:35 | alexvisch28 · first_building Siege Workshop |
| 33:41 | alexvisch28 · age_up imperial |
| 34:01 | fe1125587 · first_building Monastery |
| 34:44 | sliZER0 · wall_segment Stone Wall x8 |
| 34:48 | sliZER0 · wall_segment Stone Wall x9 |
| 34:51 | sliZER0 · wall_segment Stone Wall x2 |
| 35:17 | komailvidz · wall_segment Stone Wall x25 |
| 35:26 | komailvidz · wall_segment Stone Wall x7 |
| 35:30 | Megaherz · wall_segment Stone Wall x14 |
| 35:50 | Megaherz · wall_segment Stone Wall x5 |
| 36:30 | sliZER0 · first_building Siege Workshop |
| 37:17 | Skanderbeg Liberated · age_up imperial |
| 37:27 | Megaherz · first_building Siege Workshop |
| 38:15 | Megaherz · age_up imperial |
| 39:00 | PrawnUnit4591 · first_building Siege Workshop |
| 39:50 | fe1125587 · age_up imperial |
| 40:04 | Megaherz · wall_segment Stone Wall x14 |
| 40:04 | fe1125587 · first_building Castle |
| 42:03 | fe1125587 · first_market_sell 500 wood |
| 42:06 | fe1125587 · first_market_buy 500 food |
| 43:44 | Megaherz · wall_segment Stone Wall x3 |
| 43:51 | Megaherz · wall_segment Stone Wall x4 |
| 45:20 | sliZER0 · first_building Stable |
| 45:28 | SideJaguar81059 · first_building Siege Workshop |
| 46:12 | komailvidz · wall_segment Stone Wall x8 |
| 46:18 | komailvidz · wall_segment Stone Wall x18 |
| 46:32 | alexvisch28 · first_market_sell 100 food |
| 47:41 | Megaherz · wall_segment Stone Wall x7 |
| 49:25 | Skanderbeg Liberated · tribute_sent a jugador 2 |
| 49:25 | Skanderbeg Liberated · tribute_sent a jugador 3 |
| 49:25 | Skanderbeg Liberated · tribute_sent a jugador 4 |
| 49:25 | Skanderbeg Liberated · tribute_sent a jugador 5 |
| 49:25 | Skanderbeg Liberated · tribute_sent a jugador 6 |
| 49:25 | Skanderbeg Liberated · tribute_sent a jugador 7 |
| 49:25 | Skanderbeg Liberated · tribute_sent a jugador 8 |
| 49:29 | sliZER0 · wall_segment Stone Wall x3 |
| 49:41 | sliZER0 · wall_segment Stone Wall x6 |
| 49:47 | SideJaguar81059 · first_market_sell 100 wood |
| 49:55 | sliZER0 · wall_segment Stone Wall x3 |
| 50:01 | sliZER0 · wall_segment Stone Wall x4 |
| 50:25 | sliZER0 · wall_segment Stone Wall x7 |
| 50:44 | sliZER0 · wall_segment Stone Wall x5 |
| 50:51 | sliZER0 · wall_segment Stone Wall x1 |
| 52:59 | sliZER0 · wall_segment Stone Wall x4 |
| 53:16 | sliZER0 · wall_segment Stone Wall x6 |
| 53:43 | sliZER0 · first_market_sell 100 wood |
| 54:01 | Megaherz · wall_segment Stone Wall x9 |
| 56:44 | sliZER0 · wall_segment Stone Wall x3 |
| 57:21 | sliZER0 · age_up imperial |
| 58:07 | sliZER0 · wall_segment Stone Wall x9 |
| 59:43 | sliZER0 · wall_segment Stone Wall x3 |
| 60:32 | Megaherz · wall_segment Stone Wall x1 |
| 63:03 | sliZER0 · wall_segment Stone Wall x4 |
| 63:43 | sliZER0 · wall_segment Stone Wall x4 |
| 65:03 | PrawnUnit4591 · resign |
[ AI ANALYSIS · 1 CREDIT ]
What really happened in this match?
Wolo.gg analyzes every decision: build order, eco, micro, common mistakes by bracket. Personalized analysis on WhatsApp or Discord in 30 seconds.
Civ guide
Koreans
Perfil
Jugador #24916784